 Dungeon Crawl Stone Soup version 0.17-a0-128-g90bd1c5 (webtiles) character file.

126 tjtr the Firebug (level 4, -2/35 HPs)
             Began as a Draconian Fire Elementalist on Mar 23, 2015.
             Was an Initiate of Ru.
             Slain by a sky beast (6 damage)
             ... on level 4 of the Dungeon.
             The game lasted 00:26:38 (1593 turns).

tjtr the Firebug (Draconian Fire Elementalist)      Turns: 1593, Time: 00:26:38

Health: -2/35      AC:  5    Str: 10    XL:     4   Next: 83%
Magic:  6/7        EV: 12    Int: 17    God:    Ru [......]
Gold:   67         SH:  3    Dex: 11    Spells: 2 memorised, 4 levels left

rFire  . . .     SeeInvis .     j - -2 long sword (curse)
rCold  . . .     Clarity  .     (armour unavailable)
rNeg   . . .     SustAb   .     h - +0 buckler
rPois  .         Gourm    .     (helmet restricted)
rElec  .         Spirit   .     (no cloak)
rCorr  .         Warding  .     (no gloves)
rMut   .         Rnd*Tele +     (no boots)
MR     .....                    (no amulet)
Stlth  ++........               (no ring)
                                e - ring of teleportation (curse)

@: very slightly contaminated, invisible, not resistant to hostile enchantments,
unstealthy
A: unfitting armour, cold-blooded, AC +5
a: Renounce Religion, Evoke Teleportation


You were on level 4 of the Dungeon.
You worshipped Ru.
Ru was noncommittal.
You were full.

You visited 1 branch of the dungeon, and saw 4 of its levels.

You collected 67 gold pieces.

Inventory:

Hand weapons
 d - a +0 mace of protection
 j - a cursed -2 long sword (weapon)
 k - a +1 short sword of holy wrath
Missiles
 a - 3 javelins (quivered)
Armour
 h - a +0 buckler (worn)
Jewellery
 e - a cursed ring of teleportation (left hand)
Potions
 i - a potion of poison {unknown}
Books
 b - a book of Flames

   Spells                             Type                      Level
   a - Flame Tongue                   Conjuration/Fire             1
   b - Throw Flame                    Conjuration/Fire             2
   c - Conjure Flame                  Conjuration/Fire             3
   d - Inner Flame                    Hexes/Fire                   3
   e - Sticky Flame                   Conjuration/Fire             4
   f - Fireball                       Conjuration/Fire             5
Comestibles
 c - a bread ration
 f - a meat ration


   Skills:
 + Level 1.0 Fighting
 + Level 0.2 Short Blades
 + Level 0.8 Maces & Flails
 + Level 0.1 Throwing
 + Level 3.4 Dodging
 + Level 1.9 Stealth
 + Level 0.2 Unarmed Combat
 + Level 2.2 Spellcasting
 + Level 1.5 Conjurations
 + Level 3.4 Fire Magic


You had 4 spell levels left.
You knew the following spells:

 Your Spells              Type           Power        Failure   Level  Hunger
a - Flame Tongue          Conj/Fire      ##...        12%         1    #......
b - Throw Flame           Conj/Fire      ##....       17%         2    ###....


Dungeon Overview and Level Annotations

Branches:
Dungeon (4/15)
 Temple: D:4-7

Altars:
Ru
Xom


Innate Abilities, Weirdness & Mutations

Your plain brown scales are hard (AC +5).
Your body does not fit into most forms of armour.
Your cold-blooded metabolism reacts poorly to cold.


Message History

You barely miss the sky beast.
The sky beast is moderately wounded.
The sky beast barely misses you.
You closely miss the sky beast.
The sky beast is moderately wounded.
The sky beast flickers out of sight!
Deactivating autopickup; reactivate with Ctrl-A.
Something hits you but does no damage. x2
You miss something. Something hits you. Something shocks you.
* * * LOW HITPOINT WARNING * * *
Casting: Flame Tongue
Confirm with . or Enter, or press ? or * to list all spells.
Aiming: Flame Tongue
Press: ? - help, Shift-Dir - straight line, f - hobgoblin
Aim: a hobgoblin The flame tongue hits the hobgoblin.
The hobgoblin appears unharmed.
Something hits you.
* * * LOW HITPOINT WARNING * * *
Something shocks you.
You die...

##.#...#.##
##.8.8.8.8.##
###...........#
#≈'...........+
#≈#...........#
#.##.8.8.8.8.##
#g###.#...#.##
#{# ##.....##
#@#####...##
#.....##+##
#####.# ### #.#
#.. #.# #.# #.#
#.# #.# #.# #.#
#.#
#.##########.#


You could see a hobgoblin.

Vanquished Creatures
  A hound (D:4)
  3 adders (D:3)
  A giant mite (D:2)
  A worm (D:3)
  10 orcs
  A ball python (D:2)
  5 giant cockroaches
  4 hobgoblins
  3 bats
  A giant gecko (D:1)
  2 giant newts (D:1)
  6 goblins
  3 kobolds (D:3)
  2 quokkas (D:2)
  4 rats
47 creatures vanquished.

Notes
Turn   | Place    | Note
--------------------------------------------------------------
     0 | D:1      | tjtr, the Draconian Fire Elementalist, began the quest for the Orb.
     0 | D:1      | Reached XP level 1. HP: 14/14 MP: 3/3
   227 | D:1      | Reached XP level 2. HP: 18/20 MP: 4/4
   283 | D:2      | Found a shimmering altar of Xom.
   630 | D:3      | Reached XP level 3. HP: 24/27 MP: 4/6
   670 | D:3      | Learned a level 2 spell: Throw Flame
   820 | D:3      | Found a sacrificial altar of Ru.
   886 | D:3      | HP: 1/27 [orc/hand axe (3)]
   887 | D:3      | Reached XP level 4. HP: 1/34 MP: 5/7
   977 | D:3      | Became a worshipper of Ru the Awakened
  1425 | D:4      | Reached skill level 1 in Fighting
  1551 | D:4      | Noticed a sky beast
  1593 | D:4      | Slain by a sky beast

Action                   |  1- 3 |  4- 6 || total
-------------------------+-------+-------++-------
Melee: Unarmed           |    29 |       ||    29
       Mace              |   105 |    11 ||   116
       Short sword       |       |    46 ||    46
       Long sword        |       |    13 ||    13
Throw: Javelin           |       |     3 ||     3
 Cast: Flame Tongue      |    11 |     2 ||    13
       Throw Flame       |     1 |       ||     1
  Use: Scroll            |     2 |     1 ||     3
       Potion            |     1 |     1 ||     2
 Stab: Invisible         |       |     1 ||     1
  Eat: Bread ration      |       |     2 ||     2
